 Dungeon Crawl Stone Soup version 0.32-a0-607-g64ea0e4219 (webtiles) character file.

Game seed: 9250699610133280027

188328 dolemite99 the Messiah (level 18, 0/141 HPs)
             Began as a Gnoll Earth Elementalist on Mar 4, 2024.
             Was the Champion of Beogh.
             Slain by a deep troll (4 damage)
             ... led by an ironbound preserver
             ... on level 2 of the Vaults.
             The game lasted 01:21:52 (58843 turns).

dolemite99 the Messiah (Gnoll Earth Elementalist)  Turns: 58843, Time: 01:21:53

Health: 0/141      AC: 27    Str: 15    XL:     18   Next: 9%
Magic:  14/35      EV: 15    Int: 27    God:    Beogh [******]
Gold:   1300       SH:  8    Dex: 12    Spells: 10/43 levels left

rFire   . . .        b - +5 hand axe "Beupnu Ecza" {vamp, Int+3 SInv}
rCold   . . .        s - +1 buckler {reflect}
rNeg    . . .        n - +0 swamp dragon scales
rPois   +            B - +2 helmet
rElec   +            U - +1 cloak
rCorr   .            o - +2 pair of gloves
SInv    +            X - +1 pair of boots "Voodorch" {rElec Int+2 SInv}
Will    +....        M - amulet of faith
Stlth   +++++        z - +6 ring of strength
HPRegen 0.43/turn    i - +4 ring of protection
MPRegen 0.24/turn

%: reflection, faith
@: about to teleport
A: walk on water, fangs 1, strong nose, distributed training
}: 1/15 runes: decaying
a: Renounce Religion, Smiting, Recall Apostles, Blood for Blood, Dismiss Bogrim,
warrior, Dismiss Arbolt, warrior, Dismiss Boghold, warrior


You were on level 2 of the Vaults.
You worshipped Beogh.
Beogh was exalted by your worship.
You visited 6 branches of the dungeon, and saw 29 of its levels.

You collected 2619 gold pieces.
You spent 1319 gold pieces at shops.

Inventory:

Hand Weapons
 a - the +8 flail "Cookie Cutter" {protect, Will+ Int+4}
   (You found it on level 4 of the Lair of Beasts)

   Int+4:     It affects your intelligence (+4).
   Will+:     It increases your willpower.
 b - the +5 hand axe "Beupnu Ecza" (weapon) {vamp, Int+3 SInv}
   (You found it on level 10 of the Dungeon)

   Int+3:     It affects your intelligence (+3).
   SInv:      It lets you see invisible.
 e - the +0 trident of Yredelemnul's Envy {drain, rElec Int+3 SInv}
   (You found it on level 10 of the Dungeon)

   Int+3:     It affects your intelligence (+3).
   rElec:     It insulates you from electricity.
   SInv:      It lets you see invisible.
Missiles
 j - 7 javelins
 q - 5 boomerangs
 w - a throwing net
 E - 50 poisoned darts (quivered)
 R - 4 curare-tipped darts
Armour
 n - +0 swamp dragon scales (worn)
 o - a +2 pair of gloves (worn)
 s - a +1 buckler of reflection (worn)
 B - a +2 helmet (worn)
 D - a +3 leather armour of cold resistance
 U - a +1 cloak (worn)
 X - the +1 pair of boots "Voodorch" (worn) {rElec Int+2 SInv}
   (You bought it in a shop on level 5 of the Dungeon)

   Int+2:     It affects your intelligence (+2).
   rElec:     It insulates you from electricity.
   SInv:      It lets you see invisible.
Jewellery
 g - a ring of see invisible
 i - a +4 ring of protection (right hand)
 z - a +6 ring of strength (left hand)
 M - an amulet of faith (around neck)
Wands
 C - a wand of charming (25)
 I - a wand of polymorph (13)
Scrolls
 f - a scroll of amnesia
 h - 3 scrolls of teleportation
 m - 2 scrolls of silence
 H - 6 scrolls of immolation
 K - 5 scrolls of noise
 L - 2 scrolls of revelation
 N - 3 scrolls of vulnerability
 V - 3 scrolls of identify {@r1}
 Y - a scroll of brand weapon
Potions
 d - 2 potions of lignification
 k - a potion of might
 l - 2 potions of cancellation
 A - a potion of mutation
 F - 6 potions of attraction
 G - a potion of ambrosia
 O - 2 potions of haste
 S - 2 potions of brilliance


   Skills:
 + Level 12.5 Fighting
 + Level 12.5 Short Blades
 + Level 12.5 Long Blades
 + Level 12.5 Axes
 + Level 12.5 Maces & Flails
 + Level 12.5 Polearms
 + Level 12.5 Staves
 + Level 12.5 Ranged Weapons
 + Level 12.5 Throwing
 + Level 12.5 Armour
 + Level 13.3 Dodging
 + Level 13.2 Stealth
 + Level 12.5 Shields
 + Level 12.5 Unarmed Combat
 + Level 13.4 Spellcasting
 + Level 10.8 Conjurations
 + Level 10.6 Hexes
 + Level 10.6 Summonings
 + Level 10.6 Necromancy
 + Level 10.6 Translocations
 + Level 10.6 Fire Magic
 + Level 10.6 Ice Magic
 + Level 10.6 Air Magic
 + Level 11.9 Earth Magic
 + Level 10.6 Alchemy
 + Level 13.6 Invocations
 + Level 12.5 Evocations
 + Level 11.5 Shapeshifting


You had 10 spell levels left.
You knew the following spells:

 Your Spells              Type           Power      Damage    Failure   Level
a - Fireball              Conj/Fire      33%        3d14      1%          5
b - Summon Forest         Summ/Tloc      33%        N/A       1%          5
c - Borgnjor's Vile Clut  Necr/Erth      34%        N/A       1%          5
d - Summon Lightning Spi  Summ/Air       66%        N/A       1%          4
e - Freezing Cloud        Conj/Ice/Air   33%        6-21      1%          5
f - Lee's Rapid Deconstr  Erth           35%        3d18*     1%          5
z - Anguish               Hex/Necr       33%        N/A       1%          4

Your spell library contained the following spells:

 Spells                   Type           Power      Damage    Failure   Level
 Magic Dart               Conj           100%       1d8       1%          1
 Sandblast                Erth           100%       2d20      1%          1
 Blink                    Tloc           100%       N/A       1%          2
 Call Imp                 Summ           100%       N/A       1%          2
 Lesser Beckoning         Tloc           100%       N/A       1%          2
 Momentum Strike          Conj/Tloc      100%       3d10      1%          2
 Dazzling Flash           Conj/Hex       100%       N/A       1%          3
 Passwall                 Erth           70%        N/A       1%          3
 Stone Arrow              Conj/Erth      100%       3d13      1%          3
 Volatile Blastmotes      Fire/Tloc      100%       2d18      1%          3
 Animate Armour           Summ/Erth      100%       N/A       1%          4
 Brom's Barrelling Bould  Conj/Erth      68%        2d8       1%          4
 Cause Fear               Hex            33%        N/A       1%          4
 Fulminant Prism          Conj/Alch      33%        3d16      1%          4
 Iskenderun's Mystic Bla  Conj/Tloc      66%        2d14      1%          4
 Petrify                  Alch/Erth      68%        N/A       1%          4
 Alistair's Intoxication  Alch           44%        N/A       1%          5
 Iskenderun's Battlesphe  Conj           67%        2d12      1%          5
 Conjure Ball Lightning   Conj/Air       33%        3x3d11    11%         6
 Eringya's Noxious Bog    Alch           33%        4d6       11%         6
 Starburst                Conj/Fire      33%        6d10      11%         6
 Orb of Destruction       Conj           33%        9d10      50%         7
 Enfeeble                 Hex            33%        N/A       52%         7
 Summon Hydra             Summ           33%        N/A       52%         7
 Lehudib's Crystal Spear  Conj/Erth      34%        10d9      98%         8
 Maxwell's Capacitive Co  Air            33%        ∞         99%         8


Dungeon Overview and Level Annotations

Branches:
Dungeon (15/15)            Temple (0/1) D:7            Lair (5/5) D:9
  Swamp (4/4) Lair:2       Spider (0/4) Lair:3          Orc (2/2) D:9
    Elf (1/3) Orc:2        Vaults (2/5) D:14         Depths (0/4) D:15
  Slime: Lair:4-5     Crypt: Vaults:2-3

Altars:
Gozag
Okawaru
Vehumet
Xom
Beogh

Shops:
D:4 (   D:5 [   D:6 =   Orc:2 ((*[:   Vaults:1 (

Annotations:
D:5 1 runed translucent door, Nibs's ghost, amateur GnWn
Swamp:3 exclusion: downstairs
Orc:2 1 runed translucent door, 2 transporters, SirDiesAlot's ghost, journeyman OpEn


Innate Abilities, Weirdness & Mutations

You can walk on water.
Your facial features are unmistakably orcish.
You have very sharp teeth.
Your uncanny sense of smell can sniff out nearby items.
Your experience applies equally to all skills.


Message History

The deep troll looks as sick as possible!
The orc warlord is engulfed in poison gas.
The orc warlord looks as sick as possible!
The orc warlord hits you from afar with a +1 heavy bardiche!!!
* * * LOW HITPOINT WARNING * * *
The deep troll is engulfed in poison gas.
The deep troll looks as sick as possible!
The ironbound preserver mumbles some strange words.
The ironbound preserver is healed somewhat.
The orc knight is engulfed in poison gas.
The orc knight looks even sicker.
The zombie hands constrict the ironbound preserver!
The orc knight looks more healthy.
The orc knight no longer looks unusually strong.
The orc knight is engulfed in poison gas.
The orc knight looks as sick as possible!
The yaktaur shoots a bolt.
You block the bolt with your +1 buckler of reflection... and reflect it back!
The bolt hits the yaktaur!!
You kill the yaktaur!
Beogh accepts your kill.
The yaktaur is engulfed in poison gas.
The yaktaur is poisoned.
The deep troll is engulfed in poison gas.
The deep troll looks as sick as possible! x2
The ironbound preserver casts a spell.
The ironbound preserver is healed somewhat.
The orc knight is engulfed in poison gas.
The orc knight looks even sicker.
The zombie hands constrict the ironbound preserver!
The orc knight hits you with a +3 great sword of holy wrath.
* * * LOW HITPOINT WARNING * * *
The yaktaur throws a stone.
The stone misses you.
The orc warlord is engulfed in poison gas.
The orc warlord looks as sick as possible!
The orc warlord roars a battlecry!
The orc knight goes into a battle-frenzy!
The deep troll is engulfed in poison gas.
The deep troll looks as sick as possible!
The deep troll bites you.
You die...

**,,,,** *,,.o....#
*,,**,,**#.....To.#
,,****,,##○§§o§T○§#
,,** **,.#○°○°§°§☼#
*,,** **,#§§°§§○☼☼#
**,,** **#○§§○§§o§#
**,,** #§§§○§poT# *
**,,** #§○§°☼oT§#
** **,,**#§§§○§☼@§#
,** **^,*#☼☼○○§.○§#
,,****,,*#○°○§§§§○#
*,,**,,**#§○°§§§§°#
**,,,,***#☼°§○§§☼○#
****'***#§§☼○§§§°☼#
,,,,,,,,.§c§○§§§§☼#
,,,,,,,,.§§○§☼§§☼§#
,,,,,,,,..........#


You could see an orc warlord (strong, extremely poisoned), an ironbound
preserver (clutched), 4 orc knights, 4 deep trolls and a yaktaur (poisoned).

Vanquished Creatures
  A thorn hunter (Swamp:4)
  Louise (Swamp:3)
  2 vault wardens
  2 ironbound thunderhulks (Vaults:1)
  An eleionoma (Swamp:4)
  3 bunyips (Swamp:4)
  A dire elephant (Vaults:2)
  A war gargoyle (Vaults:1)
  An entropy weaver (Vaults:1)
  3 yaktaur captains
  A fire dragon (Lair:5)
  2 alligators
  An ironbound frostheart (Vaults:2)
  5 vault guards
  A catoblepas (D:14)
  A ghost crab (Swamp:2)
  11 hydras
  2 boulder beetles
  A centaur warrior (D:13)
  4 two-headed ogres
  3 orc high priests
  A tengu warrior (D:15)
  Sonja (D:10)
  A deep elf knight (D:14)
  2 skysharks (Lair:5)
  A goliath frog (Swamp:1)
  3 skeletal warriors (D:12)
  2 spriggan druids (Swamp:3)
  4 bog bodies
  3 ironbound convokers
  An arcanist (Vaults:1)
  4 swamp dragons (Swamp:4)
  3 orc knights
  2 deep elf zephyrmancers (Orc:2)
  6 lindwurms
  Pikel (D:5)
  A faun (shapeshifter) (Vaults:1)
  A will-o-the-wisp (Swamp:4)
  4 ugly things
  4 orc sorcerers (Orc:2)
  7 cyclopes
  5 elephants
  A manticore (D:12)
  A meliai (shapeshifter) (D:13)
  6 vault sentinels
  A water nymph (shapeshifter) (Vaults:1)
  6 black mambas
  2 gargoyles
  7 cane toads
  A rime drake (shapeshifter) (D:14)
  7 yaktaurs
  A kobold demonologist (D:11)
  7 komodo dragons
  A tengu conjurer (D:15)
  4 bloated husks (Swamp:2)
  A troll (D:7)
  2 hornets
  Prince Ribbit (D:5)
  2 dream sheep (Lair:4)
  13 blink frogs
  6 spriggans
  8 slime creatures
  3 wraiths
  3 shadows (D:11)
  6 wyverns
  47 yaks
  4 basilisks
  A vampire (D:10)
  4 steam dragons
  Menkaure (D:5)
  8 vampire mosquitoes
  9 swamp worms
  19 water moccasins
  3 hell hounds (Lair:5)
  An ice beast (D:6)
  6 swamp drakes (Swamp:4)
  6 orc warriors
  A black bear (D:9)
  4 ogres
  5 centaurs
  9 wolves
  2 phantoms
  2 lemures (D:5)
  A kobold brigand (D:8)
  A brain worm (shapeshifter) (D:13)
  10 bullfrogs
  3 scorpions
  4 wights
  6 killer bees (D:9)
  8 electric eels
  4 howler monkeys
  A jelly (D:6)
  A lava snake (Lair:5)
  4 bombardier beetles
  3 hounds (D:5)
  A gnoll bouda (D:6)
  An orc priest (Orc:2)
  A sleepcap (D:6)
  5 iguanas
  5 orc wizards
  14 gnolls
  15 adders
  A shadow imp (D:6)
  5 white imps
  4 dart slugs
  A ribbon worm (D:2)
  10 orcs
  3 bats
  6 endoplasms
  4 giant cockroaches
  5 hobgoblins
  5 quokkas
  9 ball pythons
  5 frilled lizards
  7 goblins
  13 kobolds
  3 rats
496 creatures vanquished.

Vanquished Creatures (collateral kills)
  A sphinx (Vaults:2)
  A vault warden (Vaults:2)
  An ironbound preserver (Vaults:1)
  An ironbound thunderhulk (Vaults:1)
  A stone giant (D:15)
  2 eleionomae
  Nessos (D:14)
  2 bunyips
  Snorg (D:14)
  An ettin (Vaults:1)
  A shambling mangrove (Swamp:4)
  A yaktaur captain (Vaults:1)
  An entropy weaver (Vaults:2)
  4 vault guards
  An ironbound frostheart (Vaults:2)
  9 hydras
  An ogre mage (D:14)
  A spriggan air mage (Swamp:3)
  5 alligators
  3 ghost crabs
  4 two-headed ogres
  3 boulder beetles
  2 tengu warriors (D:15)
  An orc high priest (Swamp:1)
  Urug (D:10)
  3 spriggans
  A fire crab (Lair:5)
  2 skeletal warriors (D:12)
  A goliath frog (Swamp:1)
  9 bog bodies
  A death drake (Swamp:4)
  3 spriggan druids
  A deep troll (Vaults:2)
  2 swamp dragons (Swamp:4)
  2 glowing orange brains
  3 lindwurms (Vaults:1)
  2 ironbound convokers (Vaults:1)
  5 harpies (Vaults:1)
  8 ugly things
  3 orc knights
  2 will-o-the-wisps
  3 deep elf pyromancers
  An orc sorcerer (D:14)
  Maurice (D:10)
  A cyclops (D:12)
  2 black mambas (Lair:5)
  An elephant (Lair:5)
  2 vault sentinels (Vaults:1)
  3 molten gargoyles (Lair:5)
  2 cane toads
  A gargoyle (D:14)
  A rime drake (Lair:5)
  An unseen horror (D:10)
  4 yaktaurs (Vaults:1)
  5 komodo dragons
  A tengu conjurer (D:13)
  2 trolls
  A polar bear (Lair:5)
  6 tyrant leeches
  5 hornets
  4 blink frogs
  6 dream sheep
  15 slime creatures
  A centaur simulacrum (D:15)
  A vampire (D:10)
  2 humans (D:14)
  3 wraiths
  2 wyverns (Lair:5)
  2 basilisks (Lair:3)
  11 yaks
  2 wargs
  A steam dragon (Lair:5)
  7 vampire mosquitoes
  2 redbacks (Lair:3)
  8 swamp worms
  A nameless horror (D:14)
  16 water moccasins
  10 orc warriors
  A hell hound (Lair:5)
  3 swamp drakes
  2 ogres (Orc:2)
  A centaur (D:10)
  2 kobold brigands
  A bullfrog (Lair:4)
  A gnoll sergeant (D:11)
  An electric eel (Lair:3)
  3 lava snakes (Lair:5)
  A crimson imp (Orc:2)
  3 orc priests
  A gnoll bouda (D:10)
  An iron imp (Orc:2)
  4 orc wizards (Orc:2)
  A gnoll (D:11)
  5 adders (Lair:3)
  A shadow imp (Orc:2)
  A white imp (Orc:2)
  An ufetubus (D:11)
  An orc (Orc:1)
  A kobold (D:10)
  5 foxfires
276 creatures vanquished.

Vanquished Creatures (others)
  An ironbound preserver (Vaults:2)
  A vault guard (Vaults:2)
  A boulder beetle (D:15)
  An ogre mage (Orc:2)
  A two-headed ogre (Orc:2)
  4 deep trolls (Vaults:2)
  An ironbound convoker (Vaults:1)
  A swamp dragon (Swamp:4)
  A harpy (Vaults:1)
  A will-o-the-wisp (Swamp:2)
  19 orc apostles
  2 bloated husks (Swamp:2)
  A hornet (Swamp:4)
  A slime creature (Vaults:1)
  A yak (D:6)
  A warg (Orc:2)
  8 orc warriors
  2 ogres
  A wolf (Lair:2)
  2 scorpions (D:6)
  4 orc priests (Orc:2)
  A hound (D:6)
  A sleepcap (D:6)
  An iguana (D:5)
  6 orc wizards
  A shadow imp (D:6)
  19 orcs
  187 foxfires
271 creatures vanquished.

Grand Total: 1043 creatures vanquished

Notes
Turn   | Place    | Note
-------+----------+-------------------------------------------
     0 | D:1      | dolemite99 the Gnoll Earth Elementalist began the quest for
                  | the Orb.
     0 | D:1      | Reached XP level 1. HP: 13/13 MP: 6/6
   193 | D:1      | Reached XP level 2. HP: 20/20 MP: 4/7
  1042 | D:2      | Found a faded altar of an unknown god.
  1242 | D:2      | Reached skill level 5 in Spellcasting
  1242 | D:2      | Reached XP level 3. HP: 25/25 MP: 4/9
  1463 | D:2      | Reached skill level 1 in Invocations
  1594 | D:3      | Learned a level 3 spell: Stone Arrow
  1619 | D:3      | Reached skill level 1 in Fighting
  1619 | D:3      | Reached skill level 1 in Short Blades
  1619 | D:3      | Reached skill level 1 in Long Blades
  1619 | D:3      | Reached skill level 1 in Axes
  1619 | D:3      | Reached skill level 1 in Maces & Flails
  1619 | D:3      | Reached skill level 1 in Polearms
  1619 | D:3      | Reached skill level 1 in Staves
  1619 | D:3      | Reached skill level 1 in Ranged Weapons
  1619 | D:3      | Reached skill level 1 in Throwing
  1619 | D:3      | Reached skill level 1 in Armour
  1619 | D:3      | Reached skill level 1 in Shields
  1619 | D:3      | Reached skill level 1 in Unarmed Combat
  1619 | D:3      | Reached skill level 1 in Evocations
  1680 | D:3      | Reached skill level 1 in Shapeshifting
  1680 | D:3      | Reached XP level 4. HP: 27/32 MP: 7/11
  2177 | D:3      | Became a worshipper of Beogh the Shepherd
  2309 | D:3      | Reached skill level 1 in Hexes
  2309 | D:3      | Reached skill level 1 in Summonings
  2309 | D:3      | Reached skill level 1 in Necromancy
  2309 | D:3      | Reached skill level 1 in Translocations
  2309 | D:3      | Reached skill level 1 in Fire Magic
  2309 | D:3      | Reached skill level 1 in Ice Magic
  2309 | D:3      | Reached skill level 1 in Air Magic
  2309 | D:3      | Reached skill level 1 in Alchemy
  2407 | D:3      | Reached XP level 5. HP: 37/37 MP: 8/12
  3215 | D:4      | Found Uboxamm's Antique Weapon Emporium.
  3229 | D:4      | Reached * piety under Beogh
  3366 | D:4      | Reached XP level 6. HP: 33/44 MP: 9/14
  3594 | D:5      | Entered Level 5 of the Dungeon
  3594 | D:5      | Found Imnaf's Antique Armour Shop.
  3629 | D:5      | Bought a runed leather armour for 150 gold pieces
  3667 | D:5      | Reached skill level 5 in Dodging
  3691 | D:5      | Noticed Prince Ribbit
  3698 | D:5      | Killed Prince Ribbit
  3699 | D:5      | Reached XP level 7. HP: 43/51 MP: 10/15
  3756 | D:5      | Found an opulent altar of Gozag.
  3756 | D:5      | Found a radiant altar of Vehumet.
  3827 | D:5      | Noticed Pikel
  4052 | D:5      | Noticed Menkaure
  4053 | D:5      | Reached skill level 5 in Stealth
  4070 | D:5      | Killed Menkaure
  4542 | D:5      | Reached XP level 8. HP: 45/58 MP: 11/16
  5303 | D:5      | Killed Pikel
  5623 | D:5      | Found a runed translucent door.
  5624 | D:5      | Noticed Nibs's ghost (amateur GnWn)
  6350 | D:6      | Found a shimmering altar of Xom.
  6350 | D:6      | Noticed a yak
  6400 | D:6      | Reached XP level 9. HP: 65/65 MP: 13/18
  6920 | D:6      | Reached skill level 5 in Invocations
  7201 | D:6      | Found Xyhuut's Jewellery Shoppe.
  7454 | D:7      | Noticed a troll
  7462 | D:7      | Killed a troll
  7713 | D:7      | Found a staircase to the Ecumenical Temple.
  8423 | D:8      | Noticed a cyclops
  8434 | D:8      | Killed a cyclops
  8435 | D:8      | Reached skill level 5 in Fighting
  8435 | D:8      | Reached skill level 5 in Short Blades
  8435 | D:8      | Reached skill level 5 in Long Blades
  8435 | D:8      | Reached skill level 5 in Axes
  8435 | D:8      | Reached skill level 5 in Maces & Flails
  8435 | D:8      | Reached skill level 5 in Polearms
  8435 | D:8      | Reached skill level 5 in Staves
  8435 | D:8      | Reached skill level 5 in Ranged Weapons
  8435 | D:8      | Reached skill level 5 in Throwing
  8435 | D:8      | Reached skill level 5 in Armour
  8435 | D:8      | Reached skill level 5 in Shields
  8435 | D:8      | Reached skill level 5 in Unarmed Combat
  8435 | D:8      | Reached skill level 5 in Evocations
  8435 | D:8      | Reached XP level 10. HP: 66/74 MP: 1/20
 10319 | D:8      | Reached skill level 5 in Conjurations
 10360 | D:8      | Reached ** piety under Beogh
 10369 | D:8      | Reached skill level 5 in Shapeshifting
 11507 | D:9      | Noticed an elephant
 11679 | D:9      | Killed an elephant
 12310 | D:9      | Noticed a two-headed ogre
 12319 | D:9      | Killed a two-headed ogre
 12320 | D:9      | Reached skill level 5 in Hexes
 12320 | D:9      | Reached skill level 5 in Summonings
 12320 | D:9      | Reached skill level 5 in Necromancy
 12320 | D:9      | Reached skill level 5 in Translocations
 12320 | D:9      | Reached skill level 5 in Fire Magic
 12320 | D:9      | Reached skill level 5 in Ice Magic
 12320 | D:9      | Reached skill level 5 in Air Magic
 12320 | D:9      | Reached skill level 5 in Alchemy
 12487 | D:9      | Reached XP level 11. HP: 77/81 MP: 18/22
 13613 | D:9      | Found a staircase to the Orcish Mines.
 13779 | D:9      | Noticed a cyclops
 13786 | D:9      | Killed a cyclops
 13876 | D:9      | Found a staircase to the Lair.
 13904 | Lair:1   | Entered Level 1 of the Lair of Beasts
 15355 | Lair:1   | Reached *** piety under Beogh
 15368 | Lair:1   | Identified the +1 dagger "Ucrieth" {flame, rN+++ Stlth+}
 15379 | Lair:1   | Anointed Brandogh the wizard as your apostle
 16250 | Lair:2   | Reached XP level 12. HP: 53/91 MP: 9/24
 16385 | Lair:2   | Noticed a four-headed hydra
 16390 | Lair:2   | Your ally Brandogh died
 16393 | Lair:2   | Killed a four-headed hydra
 16588 | Lair:2   | Found a staircase to the Swamp.
 16595 | Lair:2   | Noticed a boulder beetle
 16778 | Lair:2   | Noticed a seven-headed hydra
 16800 | Lair:2   | Killed a seven-headed hydra
 16849 | Lair:2   | Anointed Borgun the warrior as your apostle
 16990 | Lair:2   | Killed a boulder beetle
 17142 | Lair:2   | Reached **** piety under Beogh
 18048 | Lair:2   | Your ally Borgun died
 18067 | Lair:2   | Your ally Brandogh died
 19256 | Lair:3   | Found a hole to the Spider Nest.
 19500 | Lair:3   | Identified the +2 leather armour of Ofony {Harm rN+ rCorr
                  | Slay+3}
 20069 | Lair:3   | Reached ***** piety under Beogh
 20073 | Lair:3   | Reached XP level 13. HP: 75/98 MP: 13/26
 20085 | Lair:3   | Your ally Brandogh died
 20091 | Lair:3   | Anointed Milork the warrior as your apostle
 21255 | Lair:3   | Learned a level 5 spell: Borgnjor's Vile Clutch
 21677 | Lair:4   | Identified the +8 flail "Cookie Cutter" {protect, Will+
                  | Int+4}
 22371 | Lair:5   | Entered Level 5 of the Lair of Beasts
 22403 | Lair:5   | Reached skill level 10 in Spellcasting
 22850 | Lair:5   | Your ally Milork died
 23393 | Lair:5   | Reached skill level 10 in Dodging
 24409 | Lair:5   | Reached skill level 10 in Stealth
 24457 | Lair:5   | Your ally Borgun died
 24459 | Lair:5   | Your ally Brandogh died
 24495 | Lair:5   | Anointed Bogrim the warrior as your apostle
 25027 | Lair:5   | Reached XP level 14. HP: 94/108 MP: 16/28
 25032 | Lair:5   | Reached skill level 10 in Invocations
 25609 | Lair:5   | Found a large runed translucent door.
 25610 | Lair:5   | Found a large runed translucent door.
 26263 | D:10     | Entered Level 10 of the Dungeon
 26468 | D:10     | Noticed Urug
 26475 | D:10     | Killed Urug
 26564 | D:10     | Identified the +5 hand axe "Beupnu Ecza" {vamp, Int+3 SInv}
 26938 | D:10     | Noticed Sonja
 26950 | D:10     | Killed Sonja
 27052 | D:10     | Identified the +0 trident of Yredelemnul's Envy {drain,
                  | rElec Int+3 SInv}
 27305 | D:10     | Noticed Maurice
 27308 | D:10     | Killed Maurice
 27684 | Orc:1    | Entered Level 1 of the Orcish Mines
 28331 | Orc:2    | Entered Level 2 of the Orcish Mines
 28638 | Orc:2    | Your ally Borgun died
 28704 | Orc:2    | Noticed an orc warlord
 28716 | Orc:2    | Pacified an orc warlord
 28871 | Orc:2    | Reached ****** piety under Beogh
 29179 | Orc:2    | Found a roughly hewn altar of Beogh.
 29182 | Orc:2    | Found Xojohupsi's General Store.
 29251 | Orc:2    | Found a runed translucent door.
 29252 | Orc:2    | Found a shimmering altar of Xom.
 29252 | Orc:2    | Noticed SirDiesAlot's ghost (journeyman OpEn)
 29324 | Orc:2    | Found a transporter.
 29324 | Orc:2    | Found Sevvud's Weapon Emporium.
 29364 | Orc:2    | Found a staircase to the Elven Halls.
 29588 | Orc:2    | Found Aceplakh's Antique Armour Emporium.
 29734 | Orc:2    | Found Zufas's Antique Weapon Emporium.
 29750 | Orc:2    | Found Edar's Book Emporium.
 29759 | Orc:2    | Bought a book of Iron for 416 gold pieces
 29764 | Orc:2    | Learned a level 4 spell: Summon Lightning Spire
 29770 | Orc:2    | Learned a level 5 spell: Fireball
 29776 | Orc:2    | Learned a level 5 spell: Lee's Rapid Deconstruction
 29782 | Orc:2    | Learned a level 5 spell: Summon Forest
 29787 | Orc:2    | Learned a level 4 spell: Fulminant Prism
 30142 | Orc:2    | Identified the +1 hat of Geamunk {rN+}
 30188 | Orc:2    | Identified the +1 robe of Panentheism {rN+ Str+4}
 30386 | Orc:2    | Found a transporter.
 30584 | Orc:2    | Bought a scroll of teleportation for 48 gold pieces
 30584 | Orc:2    | Bought a potion of curing for 48 gold pieces
 30584 | Orc:2    | Bought a potion of heal wounds for 80 gold pieces
 30584 | Orc:2    | Bought a wand of mindburst (3) for 67 gold pieces
 30708 | D:5      | Bought a pair of faintly glowing boots for 285 gold pieces
 30708 | D:5      | Identified the +1 pair of boots "Voodorch" {rElec Int+2
                  | SInv} (You bought it in a shop on level 5 of the Dungeon)
 30720 | D:5      | Bought a glowing cloak for 225 gold pieces
 30975 | D:11     | Reached skill level 10 in Earth Magic
 31169 | D:11     | Identified the +2 robe of Reuphann {*Slow rPois Archmagi}
 31169 | D:11     | Noticed Pellinorc
 31176 | D:11     | Your ally Bogrim died
 31182 | D:11     | Your ally Milork died
 31188 | D:11     | Your ally Borgun died
 31195 | D:11     | Anointed Pellinorc the wizard as your apostle
 32661 | D:12     | Reached skill level 10 in Fighting
 32661 | D:12     | Reached skill level 10 in Short Blades
 32661 | D:12     | Reached skill level 10 in Long Blades
 32661 | D:12     | Reached skill level 10 in Axes
 32661 | D:12     | Reached skill level 10 in Maces & Flails
 32661 | D:12     | Reached skill level 10 in Polearms
 32661 | D:12     | Reached skill level 10 in Staves
 32661 | D:12     | Reached skill level 10 in Ranged Weapons
 32661 | D:12     | Reached skill level 10 in Throwing
 32661 | D:12     | Reached skill level 10 in Armour
 32661 | D:12     | Reached skill level 10 in Shields
 32661 | D:12     | Reached skill level 10 in Unarmed Combat
 32661 | D:12     | Reached skill level 10 in Evocations
 33144 | D:12     | Reached XP level 15. HP: 115/115 MP: 15/30
 35252 | D:13     | Got the Lessons on the Sixfirhy and Excavation
 35265 | D:13     | Learned a level 4 spell: Anguish
 35272 | D:13     | Learned a level 5 spell: Freezing Cloud
 36908 | D:14     | Noticed Snorg
 36914 | D:14     | Noticed Nessos
 36918 | D:14     | Killed Snorg
 36922 | D:14     | Killed Nessos
 37661 | D:14     | Found a gate to the Vaults.
 38382 | D:15     | Entered Level 15 of the Dungeon
 38522 | D:15     | Found the brooch of Shielding {Spirit SH+8}
 38610 | D:15     | Found a staircase to the Depths.
 38799 | D:15     | Found an iron altar of Okawaru.
 40611 | Elf:1    | Entered Level 1 of the Elven Halls
 40611 | Elf:1    | Noticed a deep elf elementalist
 40857 | Swamp:1  | Entered Level 1 of the Swamp
 40879 | Swamp:1  | Reached skill level 10 in Shapeshifting
 41259 | Swamp:1  | Reached XP level 16. HP: 124/124 MP: 26/32
 41943 | Swamp:2  | Your ally Pellinorc died
 41990 | Swamp:1  | Anointed Arbolt the warrior as your apostle
 44168 | Swamp:3  | Identified the amulet "Yhokk" {Spirit Rampage Str-5 Int+3
                  | Stlth+}
 45064 | Swamp:3  | Noticed Louise
 45084 | Swamp:3  | Killed Louise
 46081 | Swamp:4  | Entered Level 4 of the Swamp
 46124 | Swamp:4  | Noticed a thorn hunter
 46125 | Swamp:4  | Reached skill level 10 in Conjurations
 46924 | Swamp:4  | Your ally Bogrim died
 46929 | Swamp:4  | Your ally Milork died
 46931 | Swamp:4  | Your ally Arbolt died
 49131 | Swamp:4  | Reached XP level 17. HP: 133/133 MP: 17/33
 50481 | Swamp:4  | Reached skill level 10 in Hexes
 50481 | Swamp:4  | Reached skill level 10 in Summonings
 50481 | Swamp:4  | Reached skill level 10 in Necromancy
 50481 | Swamp:4  | Reached skill level 10 in Translocations
 50481 | Swamp:4  | Reached skill level 10 in Fire Magic
 50481 | Swamp:4  | Reached skill level 10 in Ice Magic
 50481 | Swamp:4  | Reached skill level 10 in Air Magic
 50481 | Swamp:4  | Reached skill level 10 in Alchemy
 51381 | Swamp:4  | Got a decaying rune of Zot
 52635 | Swamp:1  | Identified the +0 long sword of the Distant Future {heavy,
                  | ^Fragile rF+ Dex+3}
 52650 | Swamp:1  | Anointed Boghold the warrior as your apostle
 52989 | Vaults:1 | Entered Level 1 of the Vaults
 52999 | Vaults:1 | Your ally Boghold died
 54609 | Vaults:1 | Found Biapoxol's Antique Weapon Emporium.
 58001 | Vaults:1 | Glimpsed the power of Zot.
 58033 | Vaults:2 | Noticed a sphinx
 58070 | Vaults:2 | Killed a sphinx
 58079 | Vaults:2 | Your ally Boghold died
 58087 | Vaults:2 | Your ally Arbolt died
 58117 | Vaults:2 | Reached XP level 18. HP: 64/141 MP: 0/35
 58136 | Vaults:2 | Your ally Bogrim died
 58841 | Vaults:2 | HP: 5/141 [orc warlord/+1 heavy bardiche (36)]
 58843 | Vaults:2 | Slain by a deep troll

Illustrated notes

Levels and vault maps discovered:
D:1:      minmay_arrival_diagonal_passages, layout_basic
D:2:      layout_basic, ebering_ecumenical_altar_box, st_stairs_5
D:3:      layout_rooms, fountainhead
D:4:      layout_rooms, serial_shops, shop, nicolae_elevator_lobby_plus
D:5:      minmay_spotlight, layout_layer_cave, gammafunk_temple_overflow_wave,
          serial_glass, glass_columns_a, glass_columns_a, glass_columns_c,
          glass_columns_a, glass_columns_a, glass_columns_a, glass_columns_a,
          glass_columns_a, due_unseen_surprise, gammafunk_ghost_grave,
          serial_shops, nicolae_stop_n_shop_1, uniq_menkaure,
          uniq_prince_ribbit1, uniq_pikel
D:6:      layout_loops_ring, xom_confusion_cloud, serial_shops,
          kennysheep_little_box
D:7:      layout_gridville, minmay_temple_entry_wispy
D:8:      layout_basic, blue_anna_alchemist, minmay_sticks_and_stones
D:9:      layout_gridville, grunt_lair_entry_orc_guard_hut, orc_0_dummy
D:10:     layout_basic, dreamdust_gnoll_shepherd, uniq_maurice, uniq_sonja,
          uniq_urug
D:11:     layout_loops_ring
D:12:     layout_roguey
D:13:     layout_irregular_city
D:14:     layout_basic, grunt_vaults_entry_fortified, uniq_snorg, uniq_nessos
D:15:     grunt_enter_depths_snipers, layout_loops_ring,
          okawaru_ov_weapons_minmay, gauntlet_entry_generic,
          minmay_misc_feat_plants
Lair:1:   layout_regular_city, infiniplex_staircase_pool_2
Lair:2:   layout_chaotic_city, minmay_swamp_entry_eels, grunt_megastairs_3
Lair:3:   lemuel_reptile_caves, layout_regular_city,
          spider_nest_entry_funnel_web, serial_bayou_shore_a
Lair:4:   layout_cave_shapes
Lair:5:   cheibrodos_lair_end_hotspot, layout_regular_city,
          dpeg_slime_entry_enclosed
Swamp:1:  layout_basic_swamp, evilmike_swamp_ruin_house_6
Swamp:2:  nicolae_swamp_husk_halls, layout_falls_marsh, serial_swamp_ruin,
          evilmike_swamp_ruin_house_1, evilmike_swamp_ruin_rubble_1,
          evilmike_swamp_ruin_house_4
Swamp:3:  layout_basic_swamp, evilmike_swamp_ruin_rubble_2, uniq_louise
Swamp:4:  grunt_swamp_rune_castle, layout_basic_swamp, infiniplex_staircase_pool
Orc:1:    layout_caves, uniq_gastronok
Orc:2:    grunt_orc_cross, layout_diamond_mine, ebering_ghost_xom, serial_shops,
          nicolae_shop_drivethru, hangedman_minor_magic
Elf:1:    minmay_elf_arrival_circle, layout_gridlike, special_room
          [special_room_orc], basic_altar, minmay_elf_sorcery
Vaults:1: ontoclasm_vaults_pinch, dpeg_vaults_monster_box, st_star,
          nicolae_vaults_heist, nicolae_vaults_two_Ls, v_rooms_4,
          vaults_room_grid, nicolae_vaults_tetromino_Z_2, v_misc_26,
          ontoclasm_vaults_ring_square, nicolae_vaults_heart-shaped_vault,
          hangedman_vaults_nodes, vaults_dpeg_cross, layout_vaults_omnibox,
          serial_shops, nicolae_shop_temple_entry_statues_fountains
Vaults:2: ebering_ghost_inner_flame, v_rooms_5,
          nicolae_vaults_closet_pinwheel_3,
          nicolae_vaults_taking_the_gang_shopping, grunt_vaults_twisty,
          nicolae_vaults_what_the_h, vaults_room_stairs_pillars,
          nicolae_vaults_alarming, layout_vaults_quadrants

Skill      XL: |  1  2  3  4  5  6  7  8  9 10 11 12 13 14 15 16 17 |
---------------+----------------------------------------------------+-----
Conjurations   | 2 3 4 5 6 7 8 9 10 | 10.8
Spellcasting   | 5 6 7 8 9 10 11 12 13 | 13.4
Invocations    | 1 2 3 4 5 6 7 8 9 10 11 12 13 | 13.6
Fighting       | 1 2 3 5 6 7 8 9 10 11 12 | 12.5
Short Blades   | 1 2 3 5 6 7 8 9 10 11 12 | 12.5
Long Blades    | 1 2 3 5 6 7 8 9 10 11 12 | 12.5
Axes           | 1 2 3 5 6 7 8 9 10 11 12 | 12.5
Maces & Flails | 1 2 3 5 6 7 8 9 10 11 12 | 12.5
Polearms       | 1 2 3 5 6 7 8 9 10 11 12 | 12.5
Staves         | 1 2 3 5 6 7 8 9 10 11 12 | 12.5
Ranged Weapons | 1 2 3 5 6 7 8 9 10 11 12 | 12.5
Throwing       | 1 2 3 5 6 7 8 9 10 11 12 | 12.5
Armour         | 1 2 3 5 6 7 8 9 10 11 12 | 12.5
Shields        | 1 2 3 5 6 7 8 9 10 11 12 | 12.5
Unarmed Combat | 1 2 3 5 6 7 8 9 10 11 12 | 12.5
Evocations     | 1 2 3 5 6 7 8 9 10 11 12 | 12.5
Shapeshifting  | 1 2 3 4 5 6 7 8 9 10 11 | 11.5
Hexes          | 1 2 3 4 5 6 7 8 9 10 | 10.6
Summonings     | 1 2 3 4 5 6 7 8 9 10 | 10.6
Necromancy     | 1 2 3 4 5 6 7 8 9 10 | 10.6
Translocations | 1 2 3 4 5 6 7 8 9 10 | 10.6
Fire Magic     | 1 2 3 4 5 6 7 8 9 10 | 10.6
Ice Magic      | 1 2 3 4 5 6 7 8 9 10 | 10.6
Air Magic      | 1 2 3 4 5 6 7 8 9 10 | 10.6
Alchemy        | 1 2 3 4 5 6 7 8 9 10 | 10.6
Dodging        | 5 6 7 8 9 10 11 12 13 | 13.3
Stealth        | 5 6 7 8 9 10 11 12 13 | 13.2
Earth Magic    | 6 7 8 9 10 11 | 11.9

Action                     |  1- 3 |  4- 6 |  7- 9 | 10-12 | 13-15 | 16-18 || total
---------------------------+-------+-------+-------+-------+-------+-------++-------
  Melee: Dagger            |     1 |       |       |       |       |       ||     1
         Rapier            |       |       |    13 |       |       |       ||    13
         Bite              |       |       |     4 |     6 |    13 |    15 ||    38
         Whip              |       |       |    12 |    71 |     7 |       ||    90
         Flail             |       |       |       |       |    67 |    56 ||   123
         Hand axe          |       |       |       |       |       |     8 ||     8
  Throw: Dart              |       |       |     4 |    49 |    43 |    26 ||   122
         Throwing net      |       |       |       |     2 |     1 |     1 ||     4
         Javelin           |       |       |       |       |       |     9 ||     9
         Boomerang         |       |       |       |       |       |    25 ||    25
   Cast: Sandblast         |    50 |    58 |    87 |   183 |    63 |       ||   441
         Stone Arrow       |       |       |    39 |   170 |   109 |       ||   318
         Borgnjor's Vile C |       |       |       |       |   122 |    67 ||   189
         Lee's Rapid Decon |       |       |       |       |    14 |     4 ||    18
         Fireball          |       |       |       |       |     5 |   111 ||   116
         Summon Forest     |       |       |       |       |     9 |     9 ||    18
         Anguish           |       |       |       |       |     4 |     7 ||    11
         Summon Lightning  |       |       |       |       |     3 |    27 ||    30
         Freezing Cloud    |       |       |       |       |     1 |    15 ||    16
 Invoke: Convert to Beogh  |       |     1 |       |       |       |       ||     1
         Recruit Apostle   |       |       |       |     2 |     3 |     2 ||     7
         Smiting           |       |       |       |     2 |     7 |    16 ||    25
         Recall Apostles   |       |       |       |     1 |    19 |     8 ||    28
         Dismiss Apostle   |       |       |       |       |     2 |     2 ||     4
  Evoke: Wand              |       |       |       |    27 |    11 |    33 ||    71
    Use: Scroll            |       |     9 |     5 |     9 |    15 |    18 ||    56
         Potion            |       |       |     1 |     4 |     4 |    22 ||    31
   Stab: Distracted        |       |       |       |       |     2 |     1 ||     3
         Sleeping          |       |       |       |       |     1 |     1 ||     2
 Armour: Robe              |    11 |    17 |       |       |       |       ||    28
         Leather armour    |       |     4 |    64 |   212 |   146 |    65 ||   491
         Swamp dragon scal |       |       |       |       |       |   133 ||   133
  Dodge: Dodged            |    15 |    24 |    44 |   395 |   182 |   114 ||   774
  Block: Kite shield       |       |       |       |       |    27 |       ||    27
         Buckler           |       |       |       |       |       |    68 ||    68
         Reflection        |       |       |       |       |       |    14 ||    14

Table legend: (Time is in decaauts)
 A = Elapsed time spent in this place.
 B = Non-inter-level travel time spent in this place.
 C = Inter-level travel time spent in this place.
 D = Time resting spent in this place.
 E = Time spent auto-exploring this place.
 F = Levels seen in this place.
 G = Mean time per level.
                   A        B        C        D        E       F      G
               +--------+--------+--------+--------+--------+-----+--------+
         Total |  58984 |  57206 |   1778 |  32893 |  17559 |  29 | 2033.9 |
       Dungeon |  26636 |  25604 |   1032 |  11908 |  10617 |  15 | 1775.7 |
          Lair |  11526 |  11234 |    292 |   6195 |   3337 |   5 | 2305.2 |
         Swamp |  11930 |  11702 |    228 |   8990 |   1686 |   4 | 2982.5 |
  Orcish Mines |   3069 |   2854 |    215 |   1511 |    936 |   2 | 1534.5 |
   Elven Halls |      1 |      1 |      0 |      0 |      0 |   1 |    1.0 |
        Vaults |   5820 |   5812 |      8 |   4288 |    983 |   2 | 2910.0 |
               +--------+--------+--------+--------+--------+-----+--------+

Top non-repeatable levels by time:
 Swamp:3: 5594 daAuts
Vaults:1: 5009 daAuts
  Lair:5: 3810 daAuts
     D:9: 3516 daAuts
     D:8: 3392 daAuts
  Lair:2: 3041 daAuts
 Swamp:4: 2898 daAuts
     D:5: 2619 daAuts
  Lair:3: 2452 daAuts
   Orc:2: 2385 daAuts
    D:14: 2347 daAuts
    D:15: 1955 daAuts
    D:11: 1942 daAuts
    D:13: 1897 daAuts
 Swamp:2: 1853 daAuts
